 Dungeon Crawl Stone Soup version 0.14-a0-504-gf2529f3 (webtiles) character file.

229 Ragg the Ruinous (level 4, 24/24 HPs)
             Began as a Deep Elf Conjurer on Nov 1, 2013.
             Quit the game on Level 3 of the Dungeon.
             The game lasted 00:07:48 (2727 turns).

Ragg the Ruinous (Deep Elf Conjurer)                Turns: 2727, Time: 00:07:48

HP  24/24        AC  3     Str  6      XL: 4   Next: 71%
MP  13/13        EV 10     Int 20      God:
Gold 112         SH  0     Dex 15      Spells:  2 memorised,  5 levels left

Res.Fire  : . . .   See Invis. : .   f - +0,+1 orc dagger
Res.Cold  : . . .   Warding    : .   e - +0 leather armour
Life Prot.: . . .   Conserve   : .   (no shield)
Res.Poison: .       Res.Corr.  : .   (no helmet)
Res.Elec. : .       Clarity    : .   (no cloak)
Sust.Abil.: . .     Spirit.Shd : .   (no gloves)
Res.Mut.  : .       Stasis     : .   (no boots)
Res.Rott. : .       Flight     : .   (no amulet)
Saprovore : . . .                    (no ring)
                                     (no ring)

@: slightly resistant to hostile enchantments, fairly stealthy
A: no striking features
a: no special abilities


You were on level 3 of the Dungeon.
You were very hungry.

You visited 1 branch of the dungeon, and saw 3 of its levels.

You collected 112 gold pieces.

Inventory:

Hand weapons
 f - a +0,+1 orcish dagger (weapon)
Armour
 e - a +0 leather armour (worn)
 s - a +0 elven cloak
Comestibles
 b - 2 bread rations
 g - 2 pears
 i - an apricot
Scrolls
 d - a scroll of curse weapon
 l - a scroll of blinking {unknown}
 n - a scroll of curse jewellery {unknown}
 p - a scroll of random uselessness {unknown}
 q - a scroll of enchant weapon II {unknown}
 t - a scroll of identify {unknown}
 u - a scroll of teleportation {unknown}
Potions
 a - a potion of poison {unknown}
 h - a potion of restore abilities {unknown}
 j - a potion of speed {unknown}
 k - a potion of resistance {unknown}
 m - a potion of curing {unknown}
 r - a potion of cure mutation {unknown}
 v - 2 potions of heal wounds {unknown}
Books
 c - a book of Conjurations

   Spells                             Type                      Level
   *Magic Dart                        Conjuration                  1
   Searing Ray                        Conjuration                  2
   Dazzling Spray                     Conjuration/Hexes            3
   Iskenderun's Mystic Blast          Conjuration                  4
   *Iskenderun's Battlesphere         Conjuration/Charms           4
   Fulminant Prism                    Conjuration/Hexes            5


   Skills:
 - Level 2.4 Dodging
 - Level 2.4 Stealth
 - Level 3.8 Spellcasting
 - Level 5.4 Conjurations
 * Level 2.8 Charms


You had 5 spell levels left.
You knew the following spells:

 Your Spells              Type           Power        Failure   Level  Hunger
a - Magic Dart            Conj           ####         1%          1    None
b - Iskenderun's Battles  Conj/Chrm      ###.....     24%         4    ####...


Dungeon Overview and Level Annotations

Branches:
Dungeon (3/27)

Altars:


Message History

u - a scroll labeled JENATHR STIH You open the door.
There is an open door here.
You open the door.
Found an escape hatch in the floor.
Found a stone staircase leading down.
There is an open door here.
There is an escape hatch in the floor here.
g - 2 pears (gained 1)
You open the door.
There is an open door here.
Magic restored.
v - 2 white potions
Found a stone staircase leading up.
There is a stone staircase leading up here.
You now have 112 gold pieces (gained 15).
You open the door.
There is an open door here.
All of the chunks of flesh in your inventory have completely rotted away.
You are feeling very hungry.
Are you sure you want to abandon this character and quit the game? (Confirm with "yes".)

#......)..### #.
#.######### #............
#.###.........#
#............
#.#...........#
##.######....
#.#.#.........#
#............
#.#.#......####
#............ #.#.###....#
#............ #.#........#
#............###.######...#
#............@........'...#
#................######...#
#........####....# #####
##%####### #....# #.#
###### #.# ##.####
########### #.....#
#.........# #.....#
#.........#


There were no monsters in sight!

Vanquished Creatures
  3 adders (D:2)
  2 giant mites (D:3)
  2 worms (D:3)
  3 orcs (D:3)
  6 bats
  3 giant cockroaches (D:1)
  3 goblins
  8 hobgoblins
  An ooze (D:1)
  A quokka (D:3)
  2 giant geckos (D:2)
  14 giant newts
  10 kobolds
  8 rats
66 creatures vanquished.

Notes
Turn   | Place    | Note
--------------------------------------------------------------
     0 | D:1      | Ragg, the Deep Elf Conjurer, began the quest for the Orb.
     0 | D:1      | Reached XP level 1. HP: 10/10 MP: 4/4
   311 | D:1      | Reached XP level 2. HP: 15/15 MP: 1/7
  1106 | D:2      | Reached skill level 5 in Conjurations
  1183 | D:2      | Reached XP level 3. HP: 15/19 MP: 5/10
  1601 | D:2      | Reached XP level 4. HP: 24/24 MP: 9/13
  1607 | D:2      | Learned a level 4 spell: Iskenderun's Battlesphere
  2053 | D:3      | Reached skill level 1 in Charms
  2727 | D:3      | Quit the game

Action                   |  1- 3 |  4- 6 || total
-------------------------+-------+-------++-------
Melee: Dagger            |    14 |     9 ||    23
 Cast: Magic Dart        |    87 |    49 ||   136
  Use: Scroll            |       |     5 ||     5
